 Dungeon Crawl Stone Soup version 0.25-a0-577-ga4619f409e (webtiles) character file.

Game seed: 14470988378015082112, levelgen mode: deterministic

464 Gargoyl the Skirmisher (level 6, 0/58 HPs)
             Began as a Centaur Abyssal Knight on Mar 2, 2020.
             Was an Initiate of Lugonu.
             Killed from afar by a dart slug (4 damage)
             ... with a slug dart
             ... on level 1 of the Dungeon.
             The game lasted 00:01:08 (167 turns).

Gargoyl the Skirmisher (Centaur Abyssal Knight)      Turns: 167, Time: 00:01:08

Health: 0/58       AC:  7    Str: 14    XL:     6   Next: 80%
Magic:  7/8        EV:  4    Int: 11    God:    Lugonu [......]
Gold:   115        SH:  0    Dex: 11    Spells: 5/5 levels left

rFire    . . .     SeeInvis .   a - +1 hand axe
rCold    . . .     Gourm    .   (no shield)
rNeg     . . .     Faith    .   d - +0 chain mail
rPois    .         Spirit   .   (no helmet)
rElec    .         Reflect  .   (no cloak)
rCorr    .         Harm     .   (no gloves)
MR       .....                  (no barding)
Stlth    ..........             (no amulet)
HPRegen  0.19/turn              (no ring)
MPRegen  0.11/turn              (no ring)

@: very quick
A: large, hooves 3, deformed body, speed 2, tough skin 3
a: Renounce Religion


You were on level 1 of the Dungeon.
You worshipped Lugonu.
Lugonu was noncommittal.
You were not hungry.

You visited 1 branch of the dungeon, and saw 1 of its levels.
You visited the Abyss 1 time.

You collected 115 gold pieces.

Inventory:

Hand Weapons
 a - a +1 hand axe (weapon)
Armour
 b - a +0 leather armour
 d - a +0 chain mail (worn)
Potions
 e - a potion of heal wounds {unknown}
Comestibles
 c - a ration


   Skills:
 + Level 6.3 Fighting
 + Level 2.9 Axes
 * Level 2.3 Armour
 * Level 0.9 Dodging
 * Level 3.1 Invocations


You had 5 spell levels left.
You didn't know any spells.
Your spell library was empty.

Dungeon Overview and Level Annotations

Branches:
Dungeon (1/15)

Altars:


Innate Abilities, Weirdness & Mutations

You have hooves in place of feet.
Armour fits poorly on your strangely shaped body.
You cover ground very quickly.
You have extremely tough skin. (AC +3)


Message History

The starcursed mass is destroyed!
Your Fighting skill increases to level 6!
Your Invocations skill increases to level 3!
You have reached level 6!
Your experience leads to an increase in your attributes!
Increase (S)trength, (I)ntelligence, or (D)exterity?
You feel agile.
You hear a roar!
Unknown command.
You pass through the gate.
Your summoned ally is left behind.
You can no longer depart the Abyss at will.
A dart slug comes into view.
Found an escape hatch in the floor.
There is a staircase leading out of the dungeon here.
You enter the shallow water.
Moving in this stuff is going to be slow.
The dart slug launches a dart at you. The slug dart hits you.
You die...

###### ##
#.#.#.##
#.#.#.#.#.#
##@#.#.#.##
#.#.#.#.#.#
##.≈≈≈≈≈.# #
#.#≈...≈#..#
##.≈..<≈w#
#.#≈...≈#.....
##.≈≈≈≈≈.# ..#
#.#.#.#.#... #
##.#.#.#.#...


You could see a dart slug.

Vanquished Creatures (collateral kills)
  2 starcursed masses (Abyss:5)
2 creatures vanquished.

Notes
Turn   | Place    | Note
-------+----------+-------------------------------------------
     0 | Abyss:1  | Gargoyl the Centaur Abyssal Knight began the quest for the
                  | Orb.
     0 | Abyss:1  | Reached XP level 1. HP: 19/19 MP: 2/2
    99 | Abyss:4  | Noticed a large abomination
   124 | Abyss:4  | Noticed a tormentor
   128 | Abyss:5  | Entered Level 5 of the Abyss
   141 | Abyss:5  | Noticed a starcursed mass
   146 | Abyss:5  | Noticed a wretched star
   155 | Abyss:5  | Killed a starcursed mass
   155 | Abyss:5  | Reached skill level 5 in Fighting
   155 | Abyss:5  | Reached XP level 2. HP: 4/29 MP: 4/4
   155 | Abyss:5  | Reached XP level 3. HP: 5/36 MP: 5/5
   155 | Abyss:5  | Reached XP level 4. HP: 6/42 MP: 6/6
   155 | Abyss:5  | Reached XP level 5. HP: 7/48 MP: 7/7
   157 | Abyss:5  | HP: 2/48 [starcursed mass/accursed screaming (6)]
   158 | Abyss:5  | Noticed a thrashing horror
   158 | Abyss:5  | Noticed a thrashing horror
   158 | Abyss:5  | Noticed a wolf spider
   158 | Abyss:5  | Killed a starcursed mass
   158 | Abyss:5  | Reached skill level 6 in Fighting
   158 | Abyss:5  | Reached XP level 6. HP: 2/58 MP: 8/8
   159 | D:1      | Escaped the Abyss
   167 | D:1      | Killed from afar by a dart slug

Levels and vault maps discovered:
D:1:      ncdulo_watergridlock, layout_basic, feat_on_display

Skill      XL: |  1  2  3  4  5 |
---------------+----------------+-----
Fighting       | 5 6 |  6.3
Axes           | 2 |  2.9
Armour         | 2 |  2.3
Invocations    | 3 |  3.1
Dodging        | |  0.9

Action                   |  1- 3 |  4- 6 || total
-------------------------+-------+-------++-------
Melee: Hand axe          |       |     1 ||     1
       Kick              |       |     1 ||     1
Invok: Depart the Abyss  |       |     1 ||     1
  Use: Scroll            |     1 |       ||     1

Table legend:
 A = Non-vault XP
 B = Vault XP
 C = Vault XP percentage of total XP
 D = Non-vault monster count
 E = Vault monster count
 F = Vault count percentage of total count
                 A         B        C        D         E       F
            +---------+---------+-------+---------+---------+-------
      Total |     664 |       0 |   0.0 |       2 |       0 |   0.0
            +---------+---------+-------+---------+---------+-------
    Abyss:5 |     664 |       0 |   0.0 |       2 |       0 |   0.0
            +---------+---------+-------+---------+---------+-------
